 Dungeon Crawl Stone Soup version 0.17-a0-1564-g7b572aa (webtiles) character file.

60 Duffy the Charmwright (level 4, -2/23 HPs)
             Began as a Vine Stalker Skald on July 21, 2015.
             Slain by Natasha (4 damage)
             ... on level 3 of the Dungeon.
             The game lasted 00:03:56 (1554 turns).

Duffy the Charmwright (Vine Stalker Skald)          Turns: 1554, Time: 00:03:56

Health: -2/23      AC:  3    Str: 15    XL:     4   Next: 4%
Magic:  0/8        EV: 11    Int: 13    God:
Gold:   143        SH:  0    Dex: 13    Spells: 3 memorised, 1 level left

rFire  . . .     SeeInvis .     a - +0 falchion
rCold  . . .     Clarity  .     b - +0 leather armour
rNeg   . . .     SustAt   .     (no shield)
rPois  .         Gourm    .     (no helmet)
rElec  .         Spirit   +     (no cloak)
rCorr  .         Warding  .     (no gloves)
rMut   .         Stasis   .     (no boots)
MR     .....                    (no amulet)
Stlth  +.........               (no ring)
                                (no ring)

@: not resistant to hostile enchantments, very unstealthy
A: fangs 2, regeneration 1, magic shield, antimagic bite, no device heal 3, rot
immunity
a: no special abilities


You were on level 3 of the Dungeon.
You were not hungry.

You visited 1 branch of the dungeon, and saw 3 of its levels.

You collected 143 gold pieces.


Innate Abilities, Weirdness & Mutations

You have extremely sharp teeth.
Your natural rate of healing is unusually fast.
When hurt, damage is shared between your health and your magic reserves.
Your bite disrupts and absorbs the magic of your enemies.
Potions and wands cannot restore your health.
You are immune to rotting.


   Skills:
 + Level 2.6 Fighting
 + Level 2.8 Long Blades
 - Level 0.8 Armour
 - Level 0.8 Dodging
 - Level 2.5 Spellcasting
 - Level 3.0 Charms


You had one spell level left.
You knew the following spells:

 Your Spells              Type           Power        Failure   Level  Hunger
a - Infusion              Chrm           #.....       10%         1    #......
r - Regeneration          Chrm/Necr      #.........   52%         3    ###....
w - Spectral Weapon       Hex/Chrm       #.......     52%         3    ###....

Inventory:

Hand weapons
 a - a +0 falchion (weapon)
Missiles
 e - 117 stones (quivered)
 o - 7 poisoned needles
Armour
 b - a +0 leather armour (worn)
Scrolls
 h - a scroll of recharging {unknown}
 i - 2 scrolls of remove curse {unknown}
 l - a scroll of fear {unknown}
 n - a scroll of random uselessness {unknown}
 q - a scroll of enchant armour {unknown}
 r - 2 scrolls of identify {unknown}
Potions
 f - 3 potions of degeneration {unknown}
 j - a potion of agility {unknown}
 k - a potion of might {unknown}
 p - a potion of flight {unknown}
 u - a potion of heal wounds {unknown}
Books
 c - a book of Battle
Comestibles
 d - 3 bread rations
 g - a slice of pizza
 m - a beef jerky
 t - 3 fruits

Dungeon Overview and Level Annotations

Branches:
Dungeon (3/15)

Altars:
Okawaru

Annotations:
D:3 Natasha


Message History

You now have 143 gold pieces (gained 6).
Natasha is too close now for your liking.
Natasha claws you!
You barely miss Natasha.
Natasha mumbles some strange words.
You closely miss Natasha. You bite Natasha.
Natasha's magic leaks into the air.
You drain her magic.
You feel invigorated.
Natasha is lightly wounded.
Natasha claws you!
You are too injured to fight recklessly!
You are too injured to fight recklessly!
You barely miss Natasha. Your bite misses Natasha.
Natasha is lightly wounded.
Natasha claws you. The crimson imp closely misses you.
Your leather armour prevents you from hitting Natasha.
You bite Natasha.
Natasha's magic leaks into the air.
You drain her magic.
You feel invigorated.
Natasha is moderately wounded.
Natasha claws you. The crimson imp misses you.
You hit Natasha.
Natasha is moderately wounded.
Natasha falters for a moment.
The crimson imp closely misses you. Natasha closely misses you.
You slash Natasha! Your bite misses Natasha.
Natasha is severely wounded.
The crimson imp barely misses you. Natasha barely misses you.
You hit Natasha but do no damage.
Natasha is severely wounded.
The crimson imp barely misses you.
Natasha stares at you and mumbles some strange words.
The magic dart hits you!
You miss Natasha.
Natasha is severely wounded.
The crimson imp barely misses you. Natasha claws you.
You die...

.......#####......##.###..
........................ .
...#####......##.####. . .
####.#.#####.............. .. .
.......................... .#.#
####.#.#.###......##..#.## .#.##
#.#.#.#......##..#.## ....
#.#.#.#......##...... .#.# #####
#..h@................ .#.# #....#
#..5#.#.####......... ...###....#
##..#.#..............
..........#.##..#.######.##..####
..........#.##..#.# #.##..####
.................$# #.##......
..........# ##..#.# #.....####
..........# #..#.# #.##..#
.........## #.##..####


You could see Natasha and a crimson imp.

Action                   |  1- 3 |  4- 6 || total
-------------------------+-------+-------++-------
Melee: Falchion          |   135 |    13 ||   148
 Stab: Sleeping          |     2 |       ||     2
  Eat: Chunk             |     1 |     1 ||     2

Notes
Turn   | Place    | Note
--------------------------------------------------------------
     0 | D:1      | Duffy the Vine Stalker Skald began the quest for the Orb.
     0 | D:1      | Reached XP level 1. HP: 11/11 MP: 4/4
   112 | D:1      | Reached skill level 2 in Long Blades
   131 | D:1      | Reached XP level 2. HP: 15/15 MP: 6/6
   388 | D:1      | Reached skill level 2 in Fighting
   589 | D:2      | Reached XP level 3. HP: 16/18 MP: 7/7
   635 | D:1      | Learned a level 3 spell: Regeneration
   639 | D:1      | Learned a level 3 spell: Spectral Weapon
  1313 | D:3      | Reached XP level 4. HP: 16/23 MP: 6/8
  1438 | D:3      | Found an iron altar of Okawaru.
  1500 | D:3      | Noticed Natasha
  1554 | D:3      | Slain by Natasha

Vault maps used:
D:1:      minmay_arrival_up_and_down
D:2:      grunt_ministairs_4
D:3:      okawaru_metal_pillars_1_2, uniq_natasha

Vanquished Creatures
  An adder
  An ooze
  A worm
  A giant gecko
  An orc
  6 bats
  3 giant cockroaches
  6 goblins
  5 hobgoblins
  2 quokkas
  2 ball pythons
  A giant newt
  8 kobolds
  4 rats
42 creatures vanquished.
